[Event "Titled Tuesday Blitz March 07 Early 2023"]
[White "Pranav, V"]
[Black "Tan, Jun Ying"]
[WhiteFideId "25060783"]
[BlackFideId "5710413"]
[WhiteElo "2500"]
[BlackElo "2089"]
[Result "1-0"]
[Round "09"]
[TimeControl "180+2"]
[Date "2023.03.07"]
[WhiteClock "0:00:04"]
[BlackClock "0:00:03"]

1. e4 c6 2. d4 d5 3. e5 Bf5 4. Nf3 e6 5. Be2 c5 6. O-O Nc6 7. c3 Qb6 8. a3 h6 9. b4 c4 10. Nh4 Bh7 11. a4 Nge7 12. Be3 g5 13. Nf3 Nf5 14. Nbd2 Bg7 15. g4 Nxe3 16. fxe3 O-O 17. Qe1 f5 18. exf6 Bxf6 19. Qg3 Rae8 20. Rf2 e5 21. b5 exd4 22. exd4 Nxd4 23. cxd4 Bxd4 24. Re1 Bd3 25. Nxd4 Qxd4 26. Nf3 Qc5 27. Bxd3 cxd3 28. Rxe8 Rxe8 29. Kg2 d4 30. h4 Qd5 31. hxg5 hxg5 32. Qh3 Re3 33. Qg3 Qe4 34. Qb8+ Kg7 35. Qc7+ Kg8 36. Qd8+ Kg7 37. Qxd4+ Qxd4 38. Nxd4 Re4 39. Nf5+ Kg6 40. Kg3 Rxa4 41. Rd2 Rb4 42. Rxd3 Rxb5 43. Rd6+ Kf7 44. Rh6 Rb3+ 45. Kf2 Rb4 46. Rh7+ Kf6 47. Ne3 Ke5 48. Re7+ Kd6 49. Rg7 Rb5 50. Nf5+ Ke5 51. Ne3 Kf4 52. Rf7+ Ke4 53. Re7+ Kf4 54. Rf7+ Ke4 55. Re7+ Kf4 56. Ng2+ Kxg4 57. Kg1 a5 58. Kf2 a4 59. Ne3+ Kf4 60. Ng2+ Kg4 61. Re4+ Kf5 62. Rxa4 Rb2+ 63. Kf3 Rb3+ 64. Ne3+ Ke5 65. Re4+ Kd6 66. Rg4 Rb5 67. Nc4+ Kc6 68. Ke4 Rb4 69. Kd3 Rb3+ 70. Kc2 Rb5 71. Kc3 Rc5 72. Kb4 Rb5+ 73. Ka4 Rc5 74. Nd2 b5+ 75. Kb3 Rf5 76. Rg3 Kc5 77. Ne4+ Kb6 78. Nxg5 Ka5 79. Ne4 Re5 80. Nc3 Rf5 81. Rg4 Re5 82. Rg8 Re6 83. Nd5 Rd6 84. Ra8+ Ra6 85. Rd8 Rd6 86. Rxd6 b4 87. Kc4 b3 1-0


[Site "https://www.chess.com"]

[Event "Titled Tuesday Blitz March 07 Early 2023"]
[White "Kramnik, Vladimir"]
[Black "EREBUNI91"]
[WhiteFideId "4101588"]
[WhiteElo "2712"]
[BlackElo "2738"]
[Result "0-1"]
[Round "09"]
[TimeControl "180+2"]
[Date "2023.03.07"]
[WhiteClock "0:00:05"]
[BlackClock "0:00:15"]

1. c4 e5 2. d3 Nf6 3. Nf3 Nc6 4. a3 d5 5. cxd5 Nxd5 6. e3 Bd6 7. Be2 Be6 8. b4 a6 9. Bb2 Qd7 10. Nbd2 O-O 11. Ng5 a5 12. b5 Na7 13. Nxe6 Qxe6 14. a4 c6 15. O-O cxb5 16. axb5 Nxb5 17. Ne4 Be7 18. Qa4 Nd6 19. Qb3 b6 20. Bf3 Nxe4 21. Bxe4 Rfd8 22. Rfd1 Rac8 23. h3 h6 24. Bf3 Nb4 25. Qxe6 fxe6 26. Bxe5 Nxd3 27. Bd4 Nc5 28. Rab1 Rd6 29. Rdc1 Kf7 30. Be5 Rdd8 31. Rxb6 Nd7 32. Rxc8 Rxc8 33. Ra6 Nxe5 34. Be4 Bb4 35. g3 Rc7 36. Kg2 Nc4 37. Bb1 Nd2 38. Ba2 Re7 39. h4 Ne4 40. g4 Nc5 41. Rb6 g5 42. hxg5 hxg5 43. f4 gxf4 44. exf4 Kf8 45. Kf3 Nd3 46. g5 Nc5 47. Kg4 Kg7 48. Rb8 Rd7 49. Kh5 Rd2 50. Bc4 Rh2+ 51. Kg4 Bd2 52. Rc8 Ne4 53. Bxe6 Rf2 54. Rc7+ Kf8 55. Rf7+ Ke8 56. g6 Rg2+ 57. Kf5 Nd6+ 58. Ke5 Nxf7+ 59. Bxf7+ Ke7 60. f5 Bc3+ 0-1


[Site "https://www.chess.com"]

[Event "Titled Tuesday Blitz March 07 Early 2023"]
[White "Nazari, Arad"]
[Black "Rustemov, Alexander"]
[WhiteFideId "12577324"]
[BlackFideId "4119002"]
[WhiteElo "2313"]
[BlackElo "2892"]
[Result "1/2-1/2"]
[Round "09"]
[TimeControl "180+2"]
[Date "2023.03.07"]
[WhiteClock "0:01:00"]
[BlackClock "0:01:14"]

1. e4 e6 2. d4 d5 3. Nd2 dxe4 4. Nxe4 Bd7 5. Nf3 Bc6 6. Bd3 Nd7 7. Qe2 Ngf6 8. O-O Nxe4 9. Bxe4 Bxe4 10. Qxe4 c6 11. Bg5 Be7 12. Bxe7 Qxe7 13. c3 O-O 14. Rfe1 Rad8 15. h3 Qf6 16. Re3 Qg6 17. Rae1 Qxe4 18. Rxe4 g6 19. Ne5 Nxe5 20. Rxe5 Rd5 21. g3 Kg7 22. Kg2 Kf6 23. f4 Rfd8 24. Kf3 h5 25. g4 hxg4+ 26. hxg4 Rh8 27. Kg3 b5 28. b4 a5 29. a3 axb4 30. axb4 Ra8 31. f5 gxf5 32. gxf5 Rxe5 33. Rxe5 exf5 34. Kf4 Ra1 35. Rc5 Rf1+ 36. Ke3 Re1+ 37. Kf4 Re4+ 38. Kf3 Re6 39. Kf4 Re4+ 40. Kf3 Rh4 41. Rxc6+ Kg5 42. Rc5 Rh3+ 43. Kg2 Kg4 44. Rxf5 Rxc3 45. Rxb5 Rc2+ 46. Kf1 f5 47. Rc5 Rd2 48. Rc3 Rxd4 49. Rb3 Kf4 50. b5 Ke5 51. b6 Rd8 52. b7 Rb8 53. Kf2 Kd6 54. Kf3 Kc6 55. Kf4 Rxb7 56. Rxb7 Kxb7 57. Kxf5 1/2-1/2


[Site "https://www.chess.com"]

[Event "Titled Tuesday Blitz March 07 Early 2023"]
[White "Madaminov, Mukhiddin"]
[Black "Fernandez Guillen, Ernesto J."]
[WhiteFideId "14210703"]
[BlackFideId "3512428"]
[WhiteElo "2511"]
[BlackElo "2423"]
[Result "1-0"]
[Round "09"]
[TimeControl "180+2"]
[Date "2023.03.07"]
[WhiteClock "0:01:29"]
[BlackClock "0:00:09"]

1. d4 Nf6 2. Nc3 d5 3. Bf4 g6 4. Qd2 Bg7 5. O-O-O O-O 6. Bh6 Ne4 7. Nxe4 dxe4 8. Bxg7 Kxg7 9. e3 e5 10. Qc3 exd4 11. Rxd4 Qf6 12. Rxe4 Qxc3 13. bxc3 Nc6 14. Nf3 a6 15. Nd4 Bd7 16. Be2 Rfe8 17. Rxe8 Rxe8 18. Rd1 Ne5 19. Nf3 Bc6 20. Nxe5 Rxe5 21. g3 Rf5 22. f4 Rc5 23. c4 f5 24. Kb2 Kf6 25. a3 Ke7 26. Kc3 Ra5 27. Kb4 Ra4+ 28. Kb3 Ra5 29. Rd4 Rc5 30. Bd3 a5 31. h3 b6 32. g4 Bd7 33. g5 Bc6 34. h4 Bf3 35. Kc3 Bc6 36. Kd2 Bf3 37. Bf1 Be4 38. Be2 b5 39. Kc3 Rc6 40. Bd3 Bg2 41. Kb2 Re6 42. cxb5 Rxe3 43. c4 Rh3 44. c5 Rxh4 45. c6 Rh2 46. Kc3 Rh3 47. Kd2 Rh2 48. Ke3 Rh3+ 49. Kf2 Be4 50. Bxe4 fxe4 51. Rd7+ Ke6 52. Rxc7 Rxa3 53. b6 Rb3 54. b7 a4 55. Rc8 Kf5 56. b8=Q Rxb8 57. Rxb8 Kxf4 58. c7 1-0


[Site "https://www.chess.com"]

[Event "Titled Tuesday Blitz March 07 Early 2023"]
[White "De Silva, L M S T"]
[Black "Ozen, Bahadir"]
[WhiteFideId "9953698"]
[BlackFideId "6337058"]
[WhiteElo "2403"]
[BlackElo "2503"]
[Result "1/2-1/2"]
[Round "09"]
[TimeControl "180+2"]
[Date "2023.03.07"]
[WhiteClock "0:00:04"]
[BlackClock "0:00:07"]

1. e4 e5 2. Nf3 Nc6 3. Bc4 Bc5 4. O-O Nf6 5. d3 d6 6. c3 a5 7. a4 h6 8. Nbd2 O-O 9. h3 Be6 10. Re1 Ba7 11. Bxe6 fxe6 12. Nf1 Qe8 13. Be3 Bxe3 14. fxe3 Kh8 15. g4 Nd7 16. Ng3 d5 17. Rf1 Qe7 18. Qe2 Rf7 19. Kg2 Raf8 20. Rf2 Nc5 21. exd5 exd5 22. Nf5 Qe6 23. e4 dxe4 24. dxe4 Kh7 25. Qe3 b6 26. Raf1 Qg6 27. N3h4 Qg5 28. Qxg5 hxg5 29. Nf3 Ne6 30. h4 g6 31. hxg5 gxf5 32. gxf5 Nf4+ 33. Kg3 Kg8 34. Rh1 Rg7 35. Rfh2 Kf7 36. Nxe5+ Nxe5 37. Kxf4 Nd3+ 38. Ke3 Ne5 39. Rh7 Rd8 40. Kf4 Nd3+ 41. Ke3 Ne5 42. Rxg7+ Kxg7 43. Kf4 Nd3+ 44. Ke3 Ne5 45. g6 Rd3+ 46. Ke2 Rg3 47. Rh7+ Kf6 48. Rxc7 Rg4 49. Ke3 Rg3+ 50. Kf2 Rg4 51. Ke3 Rg3+ 52. Ke2 Rg4 53. Ke3 1/2-1/2


[Site "https://www.chess.com"]

[Event "Titled Tuesday Blitz March 07 Early 2023"]
[White "Fier, Alexandr"]
[Black "Dehtiarov, Roman"]
[WhiteFideId "2107139"]
[BlackFideId "14186640"]
[WhiteElo "2610"]
[BlackElo "2162"]
[Result "0-1"]
[Round "09"]
[TimeControl "180+2"]
[Date "2023.03.07"]
[WhiteClock "0:00:17"]
[BlackClock "0:00:26"]

1. d4 Nf6 2. Bg5 Ne4 3. h4 d5 4. Nd2 Nd6 5. e3 h6 6. Bf4 e6 7. Bd3 Be7 8. Ngf3 Nd7 9. c3 c5 10. Ne5 Nf6 11. Qf3 c4 12. Bc2 Bd7 13. g4 Qb6 14. O-O-O Bc6 15. g5 Nfe4 16. Nxe4 dxe4 17. Qg2 hxg5 18. hxg5 O-O-O 19. g6 f6 20. Nf7 Nxf7 21. gxf7 g5 22. Bg3 Qa5 23. Kb1 Qf5 24. Qf1 b5 25. f4 Rhf8 26. fxg5 fxg5 27. Qe2 Qxf7 28. Rh6 Bd6 29. Bxd6 Rxd6 30. Qh2 Rd7 31. a4 a6 32. Rg1 Bd5 33. Ka2 b4 34. cxb4 c3+ 35. Ka3 cxb2 36. Rb1 Rc7 37. Kxb2 Qf2 38. Rc1 Qxe3 39. Kb1 Qa3 40. Qd2 Qa2# 0-1


[Site "https://www.chess.com"]

[Event "Titled Tuesday Blitz March 07 Early 2023"]
[White "Costachi, Mihnea"]
[Black "Papasimakopoulos, Alexandros"]
[WhiteFideId "1217518"]
[BlackFideId "4244125"]
[WhiteElo "2456"]
[BlackElo "2359"]
[Result "0-1"]
[Round "09"]
[TimeControl "180+2"]
[Date "2023.03.07"]
[WhiteClock "0:00:03"]
[BlackClock "0:00:05"]

1. Nc3 d5 2. d4 Nf6 3. Bf4 Bf5 4. e3 e6 5. Nf3 Bb4 6. Bd3 O-O 7. O-O Bxc3 8. bxc3 Nbd7 9. c4 dxc4 10. Bxc4 Nb6 11. Bd3 Rc8 12. Bg5 Qd5 13. Bxf6 gxf6 14. Re1 Bxd3 15. cxd3 c5 16. e4 Qh5 17. dxc5 Rxc5 18. d4 Rc3 19. Qd2 Rfc8 20. Rac1 Rxc1 21. Rxc1 Rxc1+ 22. Qxc1 Kg7 23. Qc7 Qb5 24. Qg3+ Kf8 25. Qd6+ Kg7 26. Qg3+ Kf8 27. Nd2 Qc6 28. Qa3+ Kg7 29. h3 a6 30. Qg3+ Kf8 31. Qf4 Kg7 32. Nf3 h6 33. Qg3+ Kf8 34. Qh4 Kg7 35. e5 fxe5 36. Nxe5 Qc1+ 37. Kh2 Qg5 38. Qe4 Nd5 39. g3 b5 40. h4 Qf6 41. Qg4+ Kh8 42. Kg2 b4 43. Qh5 Kg7 44. Ng4 Qg6 45. Qe5+ Kh7 46. f3 a5 47. h5 Qc2+ 48. Kh3 Qf5 49. Qe2 Qxh5+ 50. Kg2 Qf5 51. Qd2 Qg6 52. Ne5 Qf5 53. Ng4 Qg5 54. Qd3+ Qg6 55. Qc4 h5 56. Qc1 hxg4 57. Qh1+ Kg7 58. Qc1 gxf3+ 59. Kxf3 Qf5+ 60. Kg2 Qe4+ 61. Kh3 Ne3 62. Qd2 Qh7# 0-1


[Site "https://www.chess.com"]

[Event "Titled Tuesday Blitz March 07 Early 2023"]
[White "Decuigniere, Tom"]
[Black "Hambleton, Aman"]
[WhiteFideId "26093820"]
[BlackFideId "2606577"]
[WhiteElo "2312"]
[BlackElo "2511"]
[Result "0-1"]
[Round "09"]
[TimeControl "180+2"]
[Date "2023.03.07"]
[WhiteClock "0:00:02"]
[BlackClock "0:00:03"]

1. c4 c5 2. Nc3 b6 3. Nf3 Bb7 4. e3 e6 5. Be2 Nf6 6. O-O Be7 7. d4 cxd4 8. exd4 d5 9. Ne5 dxc4 10. Bxc4 O-O 11. Re1 Nc6 12. Be3 Rc8 13. Bb3 Nb4 14. Bg5 Nbd5 15. Rc1 Nxc3 16. bxc3 Ne4 17. Bxe7 Qxe7 18. Qd3 Nf6 19. Bd1 Qa3 20. Bb3 Bd5 21. c4 Be4 22. Qg3 Rfd8 23. Rcd1 Qb2 24. Qf4 Rxd4 25. Rxd4 Qxd4 26. Bc2 Qc3 27. Rxe4 Qxc2 28. Re1 Qxa2 29. h4 h6 30. h5 Qa5 31. g4 Qxe1+ 0-1


[Site "https://www.chess.com"]

[Event "Titled Tuesday Blitz March 07 Early 2023"]
[White "Girsh, Daniel"]
[Black "Mahdavi, Reza"]
[WhiteFideId "30949190"]
[BlackFideId "12595926"]
[WhiteElo "2075"]
[BlackElo "2208"]
[Result "0-1"]
[Round "09"]
[TimeControl "180+2"]
[Date "2023.03.07"]
[WhiteClock "0:00:15"]
[BlackClock "0:00:06"]

1. e4 c5 2. Nf3 e6 3. d4 cxd4 4. Nxd4 Nc6 5. Nc3 Qc7 6. Be3 a6 7. Qf3 Nf6 8. O-O-O Ne5 9. Qg3 b5 10. a3 b4 11. axb4 Bxb4 12. Bf4 d6 13. Qxg7 Ke7 14. Nf5+ exf5 15. Bg5 Bxc3 16. Qxf6+ Kd7 17. bxc3 Re8 18. exf5 Qc5 19. Be2 Rb8 20. Rxd6+ Kc7 21. Rd4 Rb6 22. Qxe5+ Qxe5 23. Bf4 Qxf4+ 24. Rxf4 Rxe2 25. Rd1 Rc6 26. Rd2 Re5 27. g4 Rxc3 28. Kb2 Rc6 29. c3 Rec5 30. Rd3 h5 31. h3 hxg4 32. hxg4 a5 33. Re4 Ba6 34. Re7+ Kb6 35. Rdd7 Rxc3 36. Rd2 R3c4 37. f3 Rb4+ 38. Ka2 Rc1 39. Rb2 Bc4+ 40. Ka3 Ra1+ 41. Ra2 Rxa2# 0-1


[Site "https://www.chess.com"]

[Event "Titled Tuesday Blitz March 07 Early 2023"]
[White "Lazavik, Denis"]
[Black "Fiedorek, Michal"]
[WhiteFideId "13515110"]
[BlackFideId "1199528"]
[WhiteElo "2560"]
[BlackElo "2135"]
[Result "1-0"]
[Round "09"]
[TimeControl "180+2"]
[Date "2023.03.07"]
[WhiteClock "0:00:55"]
[BlackClock "0:00:03"]

1. d4 Nf6 2. c4 e6 3. Nf3 d5 4. Nc3 c5 5. cxd5 Nxd5 6. e4 Nxc3 7. bxc3 cxd4 8. cxd4 Bb4+ 9. Bd2 Bxd2+ 10. Qxd2 O-O 11. Rc1 b6 12. Bd3 Bb7 13. O-O Nd7 14. Qe3 Rc8 15. e5 Qe7 16. Ng5 h6 17. Ne4 Bxe4 18. Qxe4 g6 19. h4 Rfd8 20. Rxc8 Rxc8 21. h5 Nf8 22. hxg6 fxg6 23. d5 exd5 24. Qxd5+ Kg7 25. Qe4 Qc5 26. Kh1 Rd8 27. Qe2 Ne6 28. Bb1 Qd4 29. g3 Ng5 30. f4 Qd5+ 31. Kg1 Qd4+ 32. Kh2 Qd2 33. Rf2 Qxe2 34. Rxe2 Ne6 35. Kg2 Rd1 36. Bc2 Rd8 37. Bb3 Nc5 38. Bc2 Ne6 39. Kf2 a5 40. Ke3 b5 41. Bb3 Nc5 42. Rc2 Nxb3 43. axb3 Rd5 44. Rc7+ Kf8 45. g4 a4 46. bxa4 bxa4 47. Ra7 g5 48. Ke4 Rb5 49. f5 Rb4+ 50. Kd5 Rxg4 51. Ke6 Kg8 52. Ra8+ Kg7 53. f6+ Kg6 54. f7 1-0


[Site "https://www.chess.com"]

[Event "Titled Tuesday Blitz March 07 Early 2023"]
[White "Yilmaz, Mustafa"]
[Black "Skliarov, Viktor"]
[WhiteFideId "6302718"]
[BlackFideId "14106736"]
[WhiteElo "2523"]
[BlackElo "2289"]
[Result "1-0"]
[Round "09"]
[TimeControl "180+2"]
[Date "2023.03.07"]
[WhiteClock "0:00:05"]
[BlackClock "0:00:01"]

1. f4 g6 2. Nf3 Bg7 3. g3 c5 4. Bg2 Nc6 5. O-O Nf6 6. d3 O-O 7. c3 d6 8. e4 Rb8 9. h3 b5 10. a3 a5 11. a4 b4 12. Be3 bxc3 13. bxc3 Ba6 14. Na3 Nh5 15. g4 Nf6 16. Qc2 Qd7 17. Nd2 h5 18. g5 Ne8 19. Ndc4 Nc7 20. f5 d5 21. exd5 Nxd5 22. Bxc5 Bxc3 23. fxg6 fxg6 24. Rxf8+ Rxf8 25. Rf1 Rxf1+ 26. Bxf1 Bb4 27. Qf2 Qf5 28. h4 Qxf2+ 29. Bxf2 Nf4 30. Nb5 Ne6 31. Bg2 Ncd8 32. Bd5 Bb7 33. Bxb7 Nxb7 34. Be3 Nec5 35. Nb6 Nxd3 36. Kg2 Ne5 37. Kg3 Ng4 38. Bd4 Nc5 39. Kf3 Ne6 40. Bb2 Bc5 41. Nd5 Kf7 42. Nbc3 Bb4 43. Ne4 Nd8 44. Nxb4 axb4 45. a5 Nc6 46. a6 b3 47. Nc5 Nh2+ 48. Ke4 1-0


[Site "https://www.chess.com"]

[Event "Titled Tuesday Blitz March 07 Early 2023"]
[White "Zhigalko, Sergei"]
[Black "Ozer, Omer Faruk"]
[WhiteFideId "13502956"]
[BlackFideId "6354564"]
[WhiteElo "2626"]
[BlackElo "2260"]
[Result "1-0"]
[Round "09"]
[TimeControl "180+2"]
[Date "2023.03.07"]
[WhiteClock "0:00:05"]
[BlackClock "0:00:14"]

1. e4 e5 2. Nf3 Nc6 3. Bc4 Nf6 4. d3 h6 5. O-O d6 6. c3 g6 7. Bb3 Bg7 8. Re1 O-O 9. Nbd2 Kh7 10. Nf1 Qe7 11. Ng3 Nd7 12. d4 Nb6 13. h3 Bd7 14. a4 a5 15. Be3 exd4 16. Nxd4 Ne5 17. Qe2 Rae8 18. f4 Nc6 19. Nb5 Bc8 20. Rad1 Na8 21. Qf2 Nd8 22. e5 dxe5 23. Bc5 Qf6 24. Bxf8 Rxf8 25. fxe5 Qe7 26. Ne4 Nc6 27. Nf6+ Kh8 28. Qf4 Nb6 29. Kh1 Nd7 30. Nxd7 Bxd7 31. Nxc7 Bf5 32. Nd5 Qc5 33. Nf6 Qb6 34. Bd5 Qxb2 35. Qe3 Qa3 36. Bxc6 bxc6 37. Qd4 Be6 38. Qd6 Qxc3 39. Rc1 Qg3 40. Qxc6 Qh4 41. Rcd1 h5 42. Kg1 Bh6 43. Qe4 Qg3 44. Rf1 Bxh3 45. Qf3 Be3+ 46. Kh1 Qxf3 47. Rxf3 Bg4 48. Nxg4 Bg5 49. Nf6 Kg7 50. Ne4 Bh4 51. Rd7 Rd8 52. Rxd8 Kh6 53. Rd7 Kg7 54. g3 Be7 55. Rxe7 1-0


[Site "https://www.chess.com"]

[Event "Titled Tuesday Blitz March 07 Early 2023"]
[White "Hamitevici, Vladimir"]
[Black "Yeletsky, Ivan"]
[WhiteFideId "13902393"]
[BlackFideId "24180327"]
[WhiteElo "2401"]
[BlackElo "2414"]
[Result "0-1"]
[Round "09"]
[TimeControl "180+2"]
[Date "2023.03.07"]
[WhiteClock "0:00:06"]
[BlackClock "0:00:05"]

1. Nf3 c5 2. e4 g6 3. g3 Nf6 4. e5 Nd5 5. Bg2 Bg7 6. O-O Nc6 7. Re1 O-O 8. Nc3 Nc7 9. d3 Ne6 10. h4 Ned4 11. Bf4 d6 12. exd6 e5 13. Nxe5 Nxe5 14. Bxe5 Bxe5 15. Rxe5 Qxd6 16. Rd5 Qb6 17. Na4 Qf6 18. Nxc5 h5 19. Ne4 Qg7 20. c3 Bg4 21. f3 Nf5 22. Qd2 Ne7 23. Rd6 Be6 24. Qf4 Nf5 25. d4 Nxd6 26. Nxd6 b6 27. a3 Rad8 28. Re1 Bd5 29. c4 Rxd6 30. Qxd6 Qxd4+ 31. Kh2 Qxc4 32. Re5 Ba8 33. Rg5 Qc2 34. Kh3 Re8 35. Bf1 Bxf3 36. Qf4 Bg4+ 37. Rxg4 hxg4+ 38. Kxg4 Qxb2 39. h5 Qe5 40. Qh6 Qf5+ 41. Kh4 Qxf1 0-1


[Site "https://www.chess.com"]

[Event "Titled Tuesday Blitz March 07 Early 2023"]
[White "Yuan, Qingyu"]
[Black "Kim, Sergey"]
[WhiteFideId "8609772"]
[BlackFideId "13700570"]
[WhiteElo "2359"]
[BlackElo "2630"]
[Result "1-0"]
[Round "09"]
[TimeControl "180+2"]
[Date "2023.03.07"]
[WhiteClock "0:00:04"]
[BlackClock "0:00:01"]

1. d4 Nf6 2. c4 g6 3. Nf3 Bg7 4. g3 d6 5. Bg2 O-O 6. O-O Nbd7 7. Nc3 e5 8. dxe5 dxe5 9. Qc2 Re8 10. Rd1 c6 11. h3 Qc7 12. Be3 Bf8 13. Na4 Qa5 14. a3 Nb6 15. Nxb6 axb6 16. b4 Qa6 17. Qb2 Bg7 18. Nd2 Be6 19. a4 Bxc4 20. b5 cxb5 21. axb5 Qxb5 22. Nxc4 Qxc4 23. Bxb7 Rxa1 24. Rxa1 e4 25. Rc1 Qe6 26. Bd4 e3 27. Bxe3 Nd5 28. Bd4 Bxd4 29. Qxd4 Nf6 30. e3 Kg7 31. Rc6 Qe5 32. Qxe5 Rxe5 33. Rxb6 Re7 34. Bf3 h5 35. Kg2 Nd7 36. Rb7 Kf6 37. Ra7 Ne5 38. Ra6+ Kg7 39. Bd5 Rd7 40. e4 Nd3 41. Rb6 Nc5 42. Kf3 Nd3 43. Ke3 Nc5 44. f4 Ra7 45. Kd4 Nd7 46. Rb4 Ra1 47. Rb7 Rd1+ 48. Ke3 Nc5 49. Rxf7+ Kh8 50. Rc7 Rd3+ 51. Ke2 Rc3 52. g4 Nxe4 53. Rd7 Nc5 54. Rd8+ Kg7 55. Bf3 hxg4 56. hxg4 Ne6 57. Rd7+ Kf8 58. f5 gxf5 59. gxf5 Ng5 60. Bd5 Rc5 61. f6 Rc3 62. Rd8# 1-0


[Site "https://www.chess.com"]

[Event "Titled Tuesday Blitz March 07 Early 2023"]
[White "Harsh Suresh"]
[Black "Kozak, Antoni"]
[WhiteFideId "45018464"]
[BlackFideId "21832030"]
[WhiteElo "2227"]
[BlackElo "2470"]
[Result "0-1"]
[Round "09"]
[TimeControl "180+2"]
[Date "2023.03.07"]
[WhiteClock "0:00:01"]
[BlackClock "0:00:13"]

1. e4 c5 2. Nc3 Nc6 3. Bb5 Nd4 4. Bc4 e6 5. Nf3 Ne7 6. O-O Nec6 7. d3 Be7 8. a4 O-O 9. Be3 d6 10. Bxd4 cxd4 11. Ne2 e5 12. Nd2 Bg5 13. h3 Bh6 14. f4 Qh4 15. Nf3 Qe7 16. f5 Kh8 17. g4 Be3+ 18. Kg2 Bd7 19. c3 Rac8 20. cxd4 exd4 21. Qe1 Ne5 22. Nxe5 dxe5 23. f6 gxf6 24. Ng3 Be6 25. b3 Bg5 26. Ra2 Rg8 27. Raf2 Bh4 28. Qd2 Bxg3 29. Kxg3 Bxc4 30. bxc4 Rc6 31. Rf5 Rg5 32. h4 Rxf5 33. Rxf5 Kg7 34. h5 h6 35. a5 Qa3 36. Rf1 Ra6 37. Rb1 Qxa5 38. Qe2 Rb6 39. Rxb6 Qxb6 40. Qa2 a5 41. Qa4 Qb4 42. Qe8 Qe1+ 43. Kg2 Qe2+ 44. Kh3 Qxd3+ 45. Kh4 Qd2 46. Kh3 Qe3+ 47. Kh4 Qf4 48. Kh3 Qf3+ 49. Kh4 Qg2 50. g5 hxg5# 0-1


[Site "https://www.chess.com"]

[Event "Titled Tuesday Blitz March 07 Early 2023"]
[White "Atakhan, Abtin"]
[Black "Domingo Nunez, Ruben"]
[WhiteFideId "22502203"]
[BlackFideId "22245570"]
[WhiteElo "2008"]
[BlackElo "2404"]
[Result "1-0"]
[Round "09"]
[TimeControl "180+2"]
[Date "2023.03.07"]
[WhiteClock "0:00:34"]
[BlackClock "0:02:16"]

1. c4 g6 2. Nc3 Bg7 3. Nf3 d6 4. d4 Nd7 5. e4 e5 6. Bg5 Ne7 7. Be2 h6 8. Be3 Nc6 9. d5 Ne7 10. Qd2 a5 11. g3 Nc5 12. O-O-O b6 13. Nh4 g5 14. Ng2 Bh3 15. Rhg1 f5 16. Bh5+ Kd7 17. Bxc5 bxc5 18. Ne3 f4 19. Ng4 Qc8 20. f3 Rf8 21. Nf2 Kd8 22. Nxh3 Qxh3 23. Bg4 1-0


[Site "https://www.chess.com"]

[Event "Titled Tuesday Blitz March 07 Early 2023"]
[White "polandchessplayer"]
[Black "Czopor, Maciej"]
[BlackFideId "21805431"]
[WhiteElo "2766"]
[BlackElo "2324"]
[Result "0-1"]
[Round "09"]
[TimeControl "180+2"]
[Date "2023.03.07"]
[WhiteClock "0:00:54"]
[BlackClock "0:00:15"]

1. Nf3 g6 2. g3 Bg7 3. Bg2 d6 4. O-O Nd7 5. c4 e5 6. Nc3 Ne7 7. d4 O-O 8. Bg5 h6 9. Be3 Nf5 10. Qd2 Nxe3 11. fxe3 c6 12. Rad1 Qe7 13. Kh1 e4 14. Nh4 Nf6 15. d5 c5 16. Rf4 Ng4 17. h3 Ne5 18. b3 f5 19. Rdf1 Bd7 20. Kh2 Kh7 21. Nxe4 fxe4 22. Bxe4 Bf6 23. Nf3 Kg7 24. Qc2 g5 25. Nxe5 Bxe5 26. R4f2 Rxf2+ 27. Rxf2 Rf8 28. Bf5 Bxf5 29. Rxf5 Rxf5 30. Qxf5 Qf7 31. e4 Qxf5 32. exf5 Kf6 33. e4 h5 34. Kg2 g4 35. hxg4 hxg4 36. Kf2 Bd4+ 37. Ke2 Ke5 38. b4 Kxe4 39. bxc5 dxc5 40. a4 Kxf5 41. a5 Be5 42. a6 b6 43. Kf2 Ke4 44. Ke2 Bxg3 45. Kd2 Bd6 46. Kc2 g3 47. Kb3 Kd4 48. Ka4 g2 49. Kb5 g1=Q 50. Kc6 Kxc4 51. Kxd6 Qd4 52. Kc6 Qxd5+ 53. Kc7 b5 54. Kb8 Qd7 55. Ka8 Qc8+ 56. Kxa7 Qxa6+ 57. Kxa6 b4 58. Kb6 b3 59. Kc6 b2 60. Kd6 b1=Q 61. Ke6 Qe4+ 62. Kd6 Qd5+ 63. Kc7 Kd4 64. Kb6 c4 65. Ka7 c3 66. Kb6 c2 67. Ka7 Qb3 68. Ka6 c1=Q 69. Ka7 Qa1# 0-1


[Site "https://www.chess.com"]

[Event "Titled Tuesday Blitz March 07 Early 2023"]
[White "Fiorito, Joaquin"]
[Black "Lorparizangeneh, Shahin"]
[WhiteFideId "180173"]
[BlackFideId "12521604"]
[WhiteElo "2157"]
[BlackElo "2526"]
[Result "1-0"]
[Round "09"]
[TimeControl "180+2"]
[Date "2023.03.07"]
[WhiteClock "0:00:49"]
[BlackClock "0:00:47"]

1. d4 d5 2. Nc3 Nf6 3. Bf4 a6 4. e3 e6 5. g4 b5 6. g5 Nfd7 7. Nf3 c5 8. h4 Bb7 9. Bg2 Nc6 10. e4 cxd4 11. Nxd4 Nxd4 12. Qxd4 b4 13. Na4 Qa5 14. b3 dxe4 15. O-O-O Rd8 16. Bxe4 e5 17. Qd3 Bxe4 18. Qxe4 Be7 19. Rd5 Qc7 20. Bxe5 Nxe5 21. Rxe5 f6 22. gxf6 gxf6 23. Re6 Kf7 24. Re1 Rd7 25. Nb6 Rhd8 26. Qxh7+ 1-0


[Site "https://www.chess.com"]

[Event "Titled Tuesday Blitz March 07 Early 2023"]
[White "Crevatin, Leo"]
[Black "Orozbaev, Eldiar"]
[WhiteFideId "1726307"]
[BlackFideId "13802240"]
[WhiteElo "2190"]
[BlackElo "2201"]
[Result "0-1"]
[Round "09"]
[TimeControl "180+2"]
[Date "2023.03.07"]
[WhiteClock "0:00:05"]
[BlackClock "0:00:50"]

1. d4 Nf6 2. c4 e6 3. Nc3 d5 4. cxd5 exd5 5. Bg5 c6 6. e3 Be7 7. Bd3 O-O 8. Nge2 b6 9. O-O Na6 10. f3 Bb7 11. Kh1 h6 12. Bh4 Re8 13. e4 dxe4 14. fxe4 Ng4 15. Qb3 Bxh4 16. Qxf7+ Kh8 17. Qxb7 Nc5 18. dxc5 Qxd3 19. cxb6 Nf2+ 20. Rxf2 Bxf2 21. bxa7 Bxa7 22. Qxc6 Rad8 23. h3 Bb8 24. a4 Rf8 25. a5 Rd6 26. Qb5 Qe3 27. a6 Rdf6 28. Rg1 Rf1 29. Qb4 Rxg1+ 30. Nxg1 Rd8 31. Nd5 Qg3 32. Nf3 Rc8 33. Qd2 Ba7 34. b4 Rf8 35. Qe2 Rxf3 36. Qxf3 Qe1+ 37. Kh2 Bg1+ 38. Kh1 Bf2+ 0-1


[Site "https://www.chess.com"]

[Event "Titled Tuesday Blitz March 07 Early 2023"]
[White "Krstulovic, Alex"]
[Black "Cherniaiev, Tykhon"]
[WhiteFideId "760056"]
[BlackFideId "14182360"]
[WhiteElo "2311"]
[BlackElo "2450"]
[Result "1/2-1/2"]
[Round "09"]
[TimeControl "180+2"]
[Date "2023.03.07"]
[WhiteClock "0:00:10"]
[BlackClock "0:00:03"]

1. Nf3 Nf6 2. g3 g6 3. Bg2 Bg7 4. O-O O-O 5. c4 c5 6. Nc3 Nc6 7. b3 d5 8. cxd5 Nxd5 9. Bb2 Bg4 10. Qc1 Nxc3 11. dxc3 Qc7 12. h3 Bxf3 13. Bxf3 Rad8 14. Rd1 Rxd1+ 15. Qxd1 Rd8 16. Qc2 e6 17. Rd1 Rxd1+ 18. Qxd1 h5 19. h4 Ne5 20. Bg2 Ng4 21. Qd3 a6 22. a4 Qb6 23. Qc2 c4 24. e3 cxb3 25. Qe4 Qd6 26. f3 Qd2 27. fxg4 Qxb2 28. Qxb7 Qc1+ 29. Kf2 Qd2+ 30. Kf1 b2 31. Be4 hxg4 32. h5 Qd1+ 33. Kf2 Qd2+ 34. Kf1 gxh5 35. Qb8+ Bf8 36. Qf4 Qd1+ 37. Kf2 Qd2+ 38. Kf1 Qc1+ 39. Kf2 b1=Q 40. Qg5+ Bg7 41. Qd8+ Bf8 42. Qg5+ Bg7 43. Qd8+ Bf8 44. Qg5+ 1/2-1/2


[Site "https://www.chess.com"]

[Event "Titled Tuesday Blitz March 07 Early 2023"]
[White "Aradhya, Garg"]
[Black "Gontcharov, Vladislav"]
[WhiteFideId "25006746"]
[BlackFideId "4123492"]
[WhiteElo "2263"]
[BlackElo "2470"]
[Result "1-0"]
[Round "09"]
[TimeControl "180+2"]
[Date "2023.03.07"]
[WhiteClock "0:00:13"]
[BlackClock "0:00:01"]

1. d4 Nf6 2. c4 e6 3. Nf3 Bb4+ 4. Nbd2 b6 5. e3 Bb7 6. Bd3 O-O 7. O-O d5 8. b3 Ne4 9. Bb2 Nxd2 10. Nxd2 dxc4 11. Nxc4 Qg5 12. e4 Nd7 13. Qf3 Nf6 14. Rad1 Bd6 15. Rfe1 Bb4 16. Re2 Rad8 17. h3 b5 18. Ne5 c5 19. a3 cxd4 20. Nxf7 Rxf7 21. axb4 e5 22. Qf5 Qxf5 23. exf5 e4 24. Bxb5 d3 25. Bc4 Bd5 26. Bxd5 Rxd5 27. Re3 Rb7 28. Bxf6 gxf6 29. Rxe4 Rxf5 30. Rxd3 Rfb5 31. Rdd4 a5 32. bxa5 Rxa5 33. b4 Ra1+ 34. Kh2 Rb1 35. g4 Rb3 36. Kg2 Kg7 37. Rf4 Rb6 38. h4 h5 39. gxh5 Kh6 40. f3 Rc6 41. Rd5 Rb1 42. Rg4 Rcc1 43. Rg6+ Kh7 44. Rd7+ Kh8 45. Rxf6 Rb2+ 46. Kg3 Rg1+ 47. Kh3 Rh1+ 48. Kg3 Rg1+ 49. Kf4 Rxb4+ 50. Kf5 Rb5+ 51. Kf4 Rb4+ 52. Ke5 Rxh4 53. Rf8+ Rg8 54. Rxg8+ Kxg8 55. Kf5 Kf8 56. Kg6 Rh1 57. Rd8+ 1-0


[Site "https://www.chess.com"]